[Event "Titled Tuesday Blitz June 15 2021"]
[Site "?"]
[Date "2021.06.15"]
[Round "04"]
[White "Xiong, Jeffery"]
[Black "Bazarov, Konstantin"]
[Result "1-0"]
[BlackClock "0:00:50"]
[BlackElo "2577"]
[BlackFideId "4137000"]
[ECO "B01"]
[TimeControl "180+1"]
[WhiteClock "0:00:54"]
[WhiteElo "2958"]
[WhiteFideId "2047640"]

1.e4 d5 2.exd5 Qxd5 3.Nf3 Nf6 4.Be2 Nc6 5.O-O Bg4 6.h3 Bh5 7.d4 e6 8.c4 Qd8 9.Be3 Be7 10.Nc3 O-O 11.Qd2 Bg6 12.Rfd1 Ne4 13.Nxe4 Bxe4 14.a3 a5 15.Rac1 a4 16.Ng5 Bg6 17.Bf4 Na5 18.Qe3 Nb3 19.Rc3 Bf6 20.Nf3 Qc8 21.Be5 Be7 22.h4 Rd8 23.h5 Bxh5 24.Bxg7 Bxf3 25.Bh6 Nxd4 26.Rxd4 Rxd4 27.Qxd4 e5 28.Qxe5 1-0